 Dungeon Crawl Stone Soup version 0.22.0 (webtiles) character file.

23 letownia2 the Insei (level 2, 0/21 HPs)
             Began as a Demonspawn Transmuter on Aug 11, 2018.
             Slain by a goblin (2 damage)
             ... led by Robin
             ... on level 2 of the Dungeon.
             The game lasted 00:01:51 (354 turns).

letownia2 the Insei (Demonspawn Transmuter)          Turns: 354, Time: 00:01:51

Health: 0/21       AC:  2    Str: 10    XL:     2   Next: 75%
Magic:  5/5        EV: 12    Int: 14    God:
Gold:   15         SH:  0    Dex: 13    Spells: 4/5 levels left

rFire    . . .     SeeInvis .     - Unarmed
rCold    + . .     Gourm    .   (no shield)
rNeg     . . .     Faith    .   b - +0 robe
rPois    .         Spirit   .   (no helmet)
rElec    .         Reflect  .   (no cloak)
rCorr    .         Harm     .   (no gloves)
MR       .....                  (no boots)
Stlth    +.........             (no amulet)
HPRegen  0.07/turn              (no ring)
MPRegen  0.09/turn              (no ring)

@: no status effects
A: cold resistance 1
a: no special abilities


You were on level 2 of the Dungeon.
You were not hungry.

You visited 1 branch of the dungeon, and saw 2 of its levels.

You collected 15 gold pieces.

Inventory:

Missiles
 a - 12 arrows
Armour
 b - a +0 robe (worn)
 l - a +0 cloak
Scrolls
 e - a scroll of remove curse {unknown}
 f - a scroll of identify {unknown}
 j - a scroll of amnesia {unknown}
 k - a scroll of random uselessness {unknown}
Potions
 c - a potion of invisibility {unknown}
 g - 2 potions of mutation {unknown}
 h - a potion of agility {unknown}
 i - a potion of degeneration {unknown}
Comestibles
 d - a ration


   Skills:
 - Level 1.0 Fighting
 - Level 1.7 Dodging
 + Level 3.7 Unarmed Combat
 - Level 2.0 Spellcasting
 - Level 1.7 Transmutations


You had 4 spell levels left.
You knew the following spells:

 Your Spells              Type           Power        Failure   Level  Hunger
a - Beastly Appendage     Tmut           #.....       12%         1    ##.....

Your spell library contained the following spells:

 Spells                   Type           Power        Failure   Level  Hunger
 Spider Form              Tmut/Pois      #.........   45%         3    ####...
 Blade Hands              Tmut           #.........   97%         5    ######.
 Ice Form                 Ice/Tmut       #.......     86%         4    #####..
 Sticks to Snakes         Tmut           #.......     17%         2    ###....


Dungeon Overview and Level Annotations

Branches:
Dungeon (2/15)

Altars:

Annotations:
D:2 Robin


Innate Abilities, Weirdness & Mutations

Your flesh is cold resistant. (rC+)


Message History

A goblin comes into view. It is wielding a club.
Robin throws the goblin at you! The goblin misses you.
A goblin comes into view. It is wielding a club.
The goblin shouts!
You hit the goblin.
The goblin is severely wounded.
The goblin hits you.
* * * LOW HITPOINT WARNING * * *
The goblin hits you.
* * * LOW HITPOINT WARNING * * *
You hit the goblin.
You kill the goblin!
The goblin closely misses you.
Unknown command.
Robin throws the goblin at you!
* * * LOW HITPOINT WARNING * * *
There is an open door here.
Unknown command.
The goblin hits you.
You die...

#.#.# ... ...#. # .#.#### .
....#. #. .....# ...#.#.
#.###.##.# ....#..#
#.....##.# .. #....###.#
... ##.#.###.# ....
#........#### .....
#########.###...@####......
............+...g'ggggg....
#########.##.....####gg..##
#<....#.##..###.## g..#
#####.#.##..#.#..# .##
#.#.##.#.⌠.#.# #
#.#.##..#.#..#
#######.#.###.###.##
....).......... ##


You could see Robin and 7 goblins.

Vanquished Creatures
  A dart slug (D:1)
  3 leopard geckos (D:1)
  A giant cockroach (D:1)
  2 kobolds (D:1)
  A ball python (D:2)
  2 bats (D:1)
  A frilled lizard (D:1)
  5 goblins
  3 rats (D:1)
19 creatures vanquished.

Notes
Turn   | Place    | Note
-------+----------+-------------------------------------------
     0 | D:1      | letownia2 the Demonspawn Transmuter began the quest for the Orb.
     0 | D:1      | Reached XP level 1. HP: 15/15 MP: 3/3
    31 | D:1      | Reached skill level 3 in Unarmed Combat
    55 | D:1      | Gained mutation: Your flesh is cold resistant. (rC+) [demonic ancestry]
    55 | D:1      | Reached XP level 2. HP: 13/21 MP: 3/5
   245 | D:1      | HP: 1/21 [kobold/short sword (1)]
   348 | D:2      | Noticed Robin
   354 | D:2      | Slain by a goblin

Skill      XL: |  1 |
---------------+----+-----
Unarmed Combat | 3 |  3.7
Fighting       | |  1.0
Dodging        | |  1.7
Spellcasting   | |  2.0
Transmutations | |  1.7

Action                   || total
-------------------------++-------
Melee: Unarmed           ||    46
       Kick              ||     7
       Headbutt          ||     2
 Cast: Beastly Appendage ||    14
Armor: Robe              ||     9
Dodge: Dodged            ||    19
